 Dungeon Crawl Stone Soup version 0.30-a0-782-ge64f9170bb (webtiles) character file.

Game seed: 5228964048137908963

131 Leeroy the Slasher (level 5, -2/26 HPs)
             Began as a Vine Stalker Warper on Feb 19, 2023.
             Killed by divine providence
             ... invoked by an orc priest
              (12 damage)
             ... on level 3 of the Dungeon.
             The game lasted 00:01:48 (1846 turns).

Leeroy the Slasher (Vine Stalker Warper)            Turns: 1846, Time: 00:01:49

Health: -2/26      AC:  4    Str: 13    XL:     5   Next: 14%
Magic:  0/9        EV: 11    Int: 13    God:
Gold:   163        SH:  0    Dex: 16    Spells: 8/8 levels left

rFire   . . .      SeeInvis .    a - +0 falchion
rCold   + . .      Faith    .    (no shield)
rNeg    . . .      Spirit   +    b - +0 leather armour
rPois   +          Reflect  .    (no helmet)
rElec   .          Harm     .    (no cloak)
rCorr   .          Rampage  .    (no gloves)
Will    .....                    k - +0 pair of boots
Stlth   +                        (no amulet)
HPRegen 1.04/turn                p - ring of poison resistance
MPRegen 0.11/turn                j - ring of protection from cold

@: no status effects
A: fangs 2, regeneration 1, magic shield, antimagic bite, no potion heal 2
a: no special abilities


You were on level 3 of the Dungeon.
You visited 1 branch of the dungeon, and saw 3 of its levels.

You collected 163 gold pieces.

Inventory:

Hand Weapons
 a - a +0 falchion (weapon)
Missiles
 d - 7 boomerangs of dispersal (quivered)
 l - 6 datura-tipped darts
Armour
 b - a +0 leather armour (worn)
 k - a +0 pair of boots (worn)
Jewellery
 j - a ring of protection from cold (right hand)
 p - a ring of poison resistance (left hand)
Scrolls
 c - a scroll of blinking
 e - 3 scrolls of identify {unknown}
 f - a scroll of acquirement {unknown}
 g - a scroll of amnesia {unknown}
 h - 2 scrolls of fog {unknown}
 i - 3 scrolls of teleportation {unknown}
 m - a scroll of magic mapping {unknown}
 r - 2 scrolls of enchant armour {unknown}
Potions
 n - 2 potions of mutation {unknown}
 o - a potion of brilliance {unknown}
 q - a potion of berserk rage {unknown}
 s - 2 potions of heal wounds {unknown}
 t - a potion of degeneration {unknown}
 u - a potion of attraction {unknown}


   Skills:
 - Level 1.7 Fighting
 + Level 4.7 Long Blades
 - Level 0.8 Throwing
 - Level 0.7 Armour
 - Level 1.5 Dodging
 - Level 2.1 Spellcasting
 - Level 3.0 Translocations


You had 8 spell levels left.
You didn't know any spells.
Your spell library contained the following spells:

 Spells                   Type           Power      Damage    Failure   Level
 Blink                    Tloc           18%        N/A       14%         2
 Lesser Beckoning         Tloc           18%        N/A       14%         2
 Teleport Other           Tloc           9%         N/A       28%         3
 Cigotuvi's Dreadful Rot  Necr/Pois/Air  2%         N/A       43%         2
 Vhi's Electric Charge    Tloc/Air       10%        N/A       45%         3
 Manifold Assault         Tloc           9%         N/A       67%         4
 Dispel Undead            Necr           1%         3d6       97%         4
 Death Channel            Necr           0%         N/A       100%        6


Dungeon Overview and Level Annotations

Branches:
Dungeon (3/15)

Altars:


Innate Abilities, Weirdness & Mutations

You have extremely sharp teeth.
Your natural rate of healing is unusually fast.
When hurt, damage is shared between your health and your magic reserves.
Your bite disrupts and absorbs the magic of your enemies.
Potions cannot restore your health.


Message History

The orc wizard flickers and vanishes!
Deactivating autopickup; reactivate with Ctrl-A.
The orc priest hits you with a +0 short sword.
The orc barely misses you.
You barely miss the orc priest. Your bite misses the orc priest.
The orc priest is moderately wounded.
The orc priest begins to cast a cantrip, but forgets the words!
The orc barely misses you.
You closely miss the orc priest. You bite the orc priest. You drain its power.
You feel invigorated.
The orc priest is heavily wounded.
The orc priest miscasts a cantrip.
The orc barely misses you.
You closely miss the orc priest.
The orc priest is heavily wounded.
The orc priest mumbles some strange prayers to Beogh against you.
Pain shoots through your body! The orc hits you with a +0 flail!
The orc closely misses you.
The orc priest hits you with a +0 short sword.
You are too injured to fight recklessly!
You are too injured to fight recklessly!
You are too injured to fight recklessly!
The orc misses you.
You hit the orc priest. You bite the orc priest. You drain its power.
You feel invigorated.
The orc priest is severely wounded.
The orc priest closely misses you. The orc closely misses you.
You closely miss the orc priest.
The orc priest is severely wounded.
The orc priest closely misses you. The orc barely misses you.
You hit the orc priest but do no damage.
Your bite misses the orc priest.
The orc priest is severely wounded.
The orc priest closely misses you. The orc hits you with a +0 flail!
You barely miss the orc priest.
You bite the orc priest, but do no damage.
The orc priest is severely wounded.
The orc priest calls down the wrath of Beogh upon you.
Beogh smites you!
You die...

#.##. #.##..# ##.. .##
#....## . .# ..
##..#.##..
.##.#..##.#..##.#..
##....##....##....##
#.. #.#..# .#..##.#.
#{##).#.##..#.##..#
#oo..##....##....##
#..b#@##..#.##..#.##..
#.. ##.#..##.#..##.#..
#. ..##...†##....## #
##?#..##.#..##.#.
#..#.##..#.##..#
...##....##....##
.##..#.##..#.##.. #.
## #..##.#..
..##....##


You could see an orc priest and an orc.

Vanquished Creatures
  A scorpion (D:3)
  2 adders (D:2)
  2 worms (D:2)
  6 endoplasms
  A giant cockroach (D:2)
  2 goblins (D:2)
  8 hobgoblins
  4 jackals (D:1)
  6 kobolds
  3 quokkas
  2 ball pythons
  4 bats
  A frilled lizard (D:2)
  5 rats
47 creatures vanquished.

Notes
Turn   | Place    | Note
-------+----------+-------------------------------------------
     0 | D:1      | Leeroy the Vine Stalker Warper began the quest for the Orb.
     0 | D:1      | Reached XP level 1. HP: 11/11 MP: 4/4
    85 | D:1      | Reached skill level 2 in Long Blades
   163 | D:1      | Reached XP level 2. HP: 12/15 MP: 4/6
   982 | D:2      | Reached skill level 3 in Long Blades
   982 | D:2      | Reached XP level 3. HP: 7/18 MP: 7/7
  1383 | D:2      | Gained mutation: Your natural rate of healing is unusually
                  | fast. [Vine Stalker growth]
  1383 | D:2      | Reached XP level 4. HP: 10/23 MP: 8/8
  1574 | D:2      | Reached skill level 4 in Long Blades
  1695 | D:3      | Noticed a scorpion
  1704 | D:3      | Killed a scorpion
  1705 | D:3      | Reached XP level 5. HP: 12/26 MP: 3/9
  1846 | D:3      | Killed from afar by an orc priest

Illustrated notes

Levels and vault maps discovered:
D:1:      sevenhm_arrival_forest_fort_small_4, layout_basic
D:2:      layout_basic, kennysheep_generic_room_6
D:3:      layout_loops_ring, elyvilon_altar_3, nicolae_eternal_life

Skill      XL: |  1  2  3  4 |
---------------+-------------+-----
Long Blades    | 2 3 4 |  4.7
Fighting       | |  1.7
Throwing       | |  0.8
Armour         | |  0.7
Dodging        | |  1.5
Spellcasting   | |  2.1
Translocations | |  3.0

Action                     |  1- 3 |  4- 6 || total
---------------------------+-------+-------++-------
  Melee: Falchion          |   116 |    49 ||   165
         Bite              |    28 |    17 ||    45
         Punch             |     1 |       ||     1
   Stab: Sleeping          |     1 |       ||     1
 Armour: Leather armour    |    24 |    13 ||    37
  Dodge: Dodged            |    69 |    35 ||   104

Table legend: (Time is in decaauts)
 A = Elapsed time spent in this place.
 B = Non-inter-level travel time spent in this place.
 C = Inter-level travel time spent in this place.
 D = Time resting spent in this place.
 E = Time spent auto-exploring this place.
 F = Levels seen in this place.
 G = Mean time per level.
                   A        B        C        D        E       F      G
               +--------+--------+--------+--------+--------+-----+--------+
         Total |   1887 |   1834 |     53 |      0 |   1462 |   3 |  629.0 |
       Dungeon |   1887 |   1834 |     53 |      0 |   1462 |   3 |  629.0 |
               +--------+--------+--------+--------+--------+-----+--------+

Top non-repeatable levels by time:
     D:1: 987 daAuts
     D:2: 685 daAuts
     D:3: 214 daAuts
